 Dungeon Crawl Stone Soup version 0.30.0-10-gfe55d96785 (webtiles) character file.

Game seed: 14139560271674794782

42 Pimp the Shooter (level 3, -3/21 HPs)
             Began as a Deep Elf Hunter on May 15, 2023.
             Slain by a worm (7 damage)
             ... on level 2 of the Dungeon.
             The game lasted 00:01:55 (1012 turns).

Pimp the Shooter (Deep Elf Hunter)                  Turns: 1012, Time: 00:01:56

Health: -3/21      AC:  4    Str:  8    XL:     3   Next: 35%
Magic:  5/5        EV: 13    Int: 13    God:
Gold:   45         SH:  0    Dex: 20    Spells: 2/2 levels left

rFire   . . .        a - +0 shortbow
rCold   . . .        (shield currently unavailable)
rNeg    . . .        c - +0 leather armour
rPois   .            (no helmet)
rElec   .            (no cloak)
rCorr   .            d - +0 pair of gloves
SInv    .            (no boots)
Will    .....        (no amulet)
Stlth   ++           (no ring)
HPRegen 0.23/turn    (no ring)
MPRegen 0.09/turn

%: no passive effects
@: hasted, very quick
A: no striking features
a: no special abilities


You were on level 2 of the Dungeon.
You visited 1 branch of the dungeon, and saw 2 of its levels.

You collected 45 gold pieces.

Inventory:

Hand Weapons
 a - a +0 shortbow (weapon)
Armour
 c - a +0 leather armour (worn)
 d - a +0 pair of gloves (worn)
Scrolls
 b - a scroll of immolation
Potions
 f - a potion of haste
 g - a potion of cancellation {unknown}


   Skills:
 + Level 2.0 Fighting
 * Level 6.0 Ranged Weapons
 + Level 3.0 Dodging
 + Level 2.2 Stealth


You had 2 spell levels left.
You didn't know any spells.
Your spell library contained the following spells:

 Spells                   Type           Power      Damage    Failure   Level
 Sandblast                Erth           0%         2d4       41%         1
 Passwall                 Tmut/Erth      0%         N/A       56%         2
 Stone Arrow              Conj/Erth      0%         3d7       80%         3


Dungeon Overview and Level Annotations

Branches:
Dungeon (2/15)

Altars:


Message History

You kill the adder!
You feel very sick.
The rat twitches its whiskers.
The rat bites you but does no damage.
Your Fighting skill increases to level 2!
Your Ranged Weapons skill increases to level 6!
Your Dodging skill increases to level 3!
You are too injured to fight recklessly!
You are too injured to fight recklessly!
Unknown command.
You are too injured to fight recklessly!
You shoot an arrow. The arrow barely misses the goblin.
You feel sick. The goblin hits you but does no damage.
The rat barely misses you.
You shoot an arrow. The arrow hits the goblin!
You kill the goblin!
You feel sick. The rat attacks as you move away! The rat barely misses you.
The rat attacks as you move away! The rat barely misses you.
You feel sick.
Things that are here:
a +0 club; an adder corpse You shoot an arrow.
The arrow hits the rat.
The rat is heavily wounded.
You feel sick. The rat bites you.
* * * LOW HITPOINT WARNING * * *
The rat bites you but does no damage.
You shoot an arrow.
The arrow barely misses the rat. x2; You feel sick.
You are no longer poisoned.
The rat bites you but does no damage.
You are too injured to fight recklessly!
It was a potion of haste.
You feel yourself speed up. The rat misses you.
You shoot an arrow. The arrow hits the rat!
You kill the rat!
You shoot an arrow. The endoplasm quivers.
The arrow hits the worm!
The worm is severely wounded.
You shoot an arrow. The arrow hits the worm.
The worm is almost dead.
The worm bites you!
You die...

#..†.......#
#............
..........####
##........#
#.......... !
...........####
.J .......r# .#
#w# ..## #@##
g.=..
#).#.....>
##........
...............
.###...........
..###..#.....
... #.######.
## ..# ...


You could see a worm and a rat.

Vanquished Creatures
  2 adders (D:2)
  A dart slug (D:1)
  A giant cockroach (D:1)
  4 goblins
  4 hobgoblins
  A jackal (D:1)
  3 kobolds
  3 ball pythons (D:1)
  3 rats
22 creatures vanquished.

Notes
Turn   | Place    | Note
-------+----------+-------------------------------------------
     0 | D:1      | Pimp the Deep Elf Hunter began the quest for the Orb.
     0 | D:1      | Reached XP level 1. HP: 12/12 MP: 3/3
   378 | D:1      | Reached XP level 2. HP: 17/17 MP: 4/4
  1001 | D:2      | Reached XP level 3. HP: 19/21 MP: 5/5
  1004 | D:2      | Reached skill level 6 in Ranged Weapons
  1012 | D:2      | Slain by a worm

Illustrated notes

Levels and vault maps discovered:
D:1:      wander_arrival_chamber, layout_basic, serial_co_window_serial,
          co_window_corner_a, co_window_corner_a, co_window_paths_a,
          co_window_cross_1, co_window_corner_a, co_window_paths_b,
          co_window_corner_a, co_window_corner_b, co_window_broadway_c,
          co_window_paths_c, co_window_paths_c, co_window_paths_e,
          glass_columns_a, glass_columns_a, glass_columns_b, minmay_cut_off
D:2:      layout_rooms, basic_altar, serial_shops, shop, minmay_tetromino_o4,
          uniq_natasha

Skill      XL: |  1  2  3 |
---------------+----------+-----
Stealth        | 2 |  2.2
Fighting       | 2 |  2.0
Ranged Weapons | 6 |  6.0
Dodging        | 3 |  3.0

Action                     || total
---------------------------++-------
   Fire: Shortbow          ||    53
    Use: Scroll            ||     1
         Potion            ||     1
 Armour: Leather armour    ||     7
  Dodge: Dodged            ||    22
